Minoru, lawful male human Samurai -------------- ---------- ##### |............T###%H##|........| ---------# |........[...| #)........| |...>...o%# |.......@.....#T#####|.........# #........|TT |......g.....| # #|......%.|H ###|%......|##### G C ToT o ------|------- ### #|........|### #-.......|# # hh oko oG ## # #|........| ####---------####TC# ohG G # ### #--------.-# ### # # |oo o ### # `########## H#hoT o o # # # G -- --.----# c ---.--- |......# +..<..| |.....| |t....| |.....| ----------- ......| |.....| #........... |{....| |......######|.........| ------- ------- |.........| # |.........-##### ----------- Minoru the Joshu Experience level: 10 Strength: 18/05 Dexterity: 15 Constitution: 18 Intelligence: 8 Wisdom: 10 Charisma: 9 Health: 0(97) Energy: 48(48) Def: 14 Gold: 527 Moves: 15236 Dungeon seed: xtPbwSGEV-_0QeBF Game ID: Minoru_1464799719 Your Inventory: Coins $ - 527 gold pieces Amulets m - an uncursed amulet of reflection (being worn) W - an uncursed amulet of ESP Weapons a - a blessed +0 katana (weapon in hand) b - an uncursed +0 wakizashi c - a blessed +0 yumi (alternate weapon; not wielded) d - 4 uncursed +0 ya J - 9 uncursed +0 silver arrows Q - 2 blessed +2 arrows Z - 8 blessed +0 arrows (in quiver) Armor e - an uncursed rustproof +0 splint mail (being worn) q - an uncursed +1 leather cloak (being worn) G - an uncursed +0 dwarvish iron helm (being worn) H - an uncursed corroded +2 pair of iron shoes (being worn) N - an uncursed +0 pair of yugake (being worn) Comestibles g - 8 uncursed gunyoki i - an uncursed tripe ration A - an uncursed C-ration B - an uncursed K-ration Scrolls h - an uncursed scroll of teleportation o - a blessed scroll of earth u - an uncursed scroll of create monster E - 2 uncursed scrolls of earth K - a cursed scroll of destroy armor Potions r - an uncursed potion of invisibility t - an uncursed potion of hallucination x - an uncursed potion of gain energy z - an uncursed potion of object detection Wands f - an uncursed wand of magic missile (0:2) k - an uncursed wand of sleep named sleep/death (0:6) l - an uncursed wand of striking (0:6) n - an uncursed wand of lightning (0:5) s - an uncursed wand of slow monster (0:5) C - an uncursed wand of digging (0:4) L - an uncursed wand of create monster (0:10) M - an uncursed wand of speed monster (0:7) O - an uncursed wand of teleportation (0:3) S - an uncursed wand of striking (0:3) T - an uncursed wand of light (0:12) X - an uncursed wand of magic missile (0:2) Tools D - an uncursed +0 unicorn horn I - an uncursed osaku P - an uncursed towel (being worn) R - an uncursed tallow candle (0:200) Gems F - an uncursed luckstone named luckstone Spells and supernatural/magical abilities: Name Level Category Fail Memory c - cause fear 3 enchantment 100% 76% m - magic missile 2 attack 100% 76% r - remove curse 3 clerical 100% 30% R - restore ability 4 healing 100% 88% W - pray for help -- divine ? -- Your skills at the end: Fighting Skills martial arts [Basic] Weapon Skills short sword [Basic] long sword [Expert] bow [Skilled] Spellcasting Skills Final Attributes: You were piously aligned. You were cold resistant. You were poison resistant. You were telepathic. You could teleport. You were fast. You had reflection. You were lucky. You had extra luck. Bad luck did not time out for you. Good luck did not time out for you. You are dead. Vanquished creatures: 3 giant mimics a zruty 2 rock trolls 2 stalkers a water elemental a water demon 6 small mimics a glass piercer 2 xans 4 trolls a wood golem a large dog a flaming sphere a shocking sphere a dwarf king a mountain centaur an elf mummy a human mummy a carnivorous ape an ettin zombie a Grey-elf 3 soldiers an incubus a chameleon 2 giant beetles 2 cockatrices 20 wolves 4 winter wolf cubs a lynx 2 leprechauns 2 orc-captains 3 iron piercers 2 giant spiders a black light 4 vampire bats 4 gnome kings 4 ogres 3 brown puddings an owlbear a yeti 3 lizards 8 ninja a roshi 2 chickatrices 3 dogs 2 dingos 3 housecats a jaguar a blue jelly a gray unicorn a dust vortex a raven 3 plains centaurs 2 gnome mummies 5 water moccasins an ape 3 human zombies a fire ant 2 bugbears a quasit 2 wood nymphs 2 water nymphs a mountain nymph 4 Mordor orcs 3 rock piercers 2 ponies 2 fog clouds a yellow light 4 shriekers 18 gnome lords 11 gnomish wizards 2 kobold mummies 2 golden naga hatchlings 2 guardian naga hatchlings a gray ooze 2 ghouls a baby crocodile 4 giant ants a little dog 2 floating eyes a kitten 6 dwarves 2 homunculi 4 kobold shamans 5 rothes a rabid rat a centipede 2 giant bats a monkey an orc zombie 3 dwarf zombies a wererat 4 werejackals 2 iguanas 7 killer bees 8 acid blobs 3 coyotes 2 gas spores 2 manes a large kobold 9 hobgoblins 5 giant rats 6 cave spiders 2 brown molds 3 yellow molds 3 green molds 2 red molds 64 gnomes 7 garter snakes 3 gnome zombies 6 geckos 7 jackals 5 foxes 4 kobolds 2 goblins 2 sewer rats 15 grid bugs 6 bats 2 lichens 3 kobold zombies 7 newts 427 creatures vanquished. Voluntary challenges: You had been an atheist until turn 1894. You used a wielded weapon 759 times, starting on turn 3. You read items or engraved 55 times, starting on turn 336. You never genocided any monsters. You never polymorphed an object. You never changed form. You used no wishes. You split 2 puddings, starting on turn 14172. You wrote Elbereth's name 3 times, starting on turn 10646. You violated your moral code, losing 1 point of alignment, starting on turn 8968. Dungeon overview: The Dungeons of Doom: levels 1 to 16 Level 1 a long staircase Level 2 a general store, a sink stairs to The Gnomish Mines Level 3 a general store Level 4 Level 5 a fountain Level 6 Level 7 a fountain Level 8 many fountains Level 9 a fountain stairs to Sokoban Level 10 some fountains Level 11 Level 12 Level 13 a fountain Level 14 some fountains portal to The Quest Level 15 Level 16 <- You were here a fountain The Gnomish Mines: levels 3 to 11 Level 3 stairs to The Dungeons of Doom Level 4 Level 5 Level 6 some shops, a temple to Susanowo, some fountains, a sink Level 7 Level 8 Level 9 Level 10 Level 11 The Quest: Level 1 portal to The Dungeons of Doom Sokoban: levels 5 to 8 Level 5 Level 6 Level 7 Level 8 stairs to The Dungeons of Doom History has recorded: On T:1 you entered the Dungeons of Doom to retrieve the Amulet of Yendor! On T:33 you reached level 2 of The Dungeons of Doom. On T:365 you reached level 1 of The Gnomish Mines. On T:398 you advanced to experience level 2. On T:415 you reached level 3 of The Dungeons of Doom. On T:521 you advanced to experience level 3. On T:545 you advanced to experience level 4. On T:620 you reached level 2 of The Gnomish Mines. On T:699 you advanced to experience level 5. On T:873 you reached level 3 of The Gnomish Mines. On T:1229 you advanced to experience level 6. On T:1458 you reached level 4 of The Gnomish Mines. On T:1832 you advanced to experience level 7. On T:2163 you reached level 5 of The Gnomish Mines. On T:2187 you reached level 6 of The Gnomish Mines. On T:3011 you reached level 7 of The Gnomish Mines. On T:3039 you advanced to experience level 8. On T:3886 you reached level 8 of The Gnomish Mines. On T:4124 you reached level 9 of The Gnomish Mines. On T:4994 you advanced to experience level 9. On T:5983 you reached level 4 of The Dungeons of Doom. On T:6329 you reached level 5 of The Dungeons of Doom. On T:7153 you reached level 6 of The Dungeons of Doom. On T:7173 you reached level 8 of The Dungeons of Doom. On T:7176 you reached level 7 of The Dungeons of Doom. On T:7247 you received advice from The Oracle. On T:7281 you reached level 9 of The Dungeons of Doom. On T:7582 you reached level 4 of Sokoban. On T:7993 you reached level 3 of Sokoban. On T:8659 you reached level 2 of Sokoban. On T:9113 you reached level 1 of Sokoban. On T:10322 you advanced to experience level 10. On T:10976 you reached level 10 of The Dungeons of Doom. On T:11188 you reached level 11 of The Dungeons of Doom. On T:11959 you reached level 12 of The Dungeons of Doom. On T:12596 you reached level 13 of The Dungeons of Doom. On T:12996 you reached level 14 of The Dungeons of Doom. On T:13155 you reached level 1 of The Quest. On T:14450 you reached level 15 of The Dungeons of Doom. On T:14820 you reached level 16 of The Dungeons of Doom. Score breakdown: Gold: 527 ( 9261 points) Experience: 10 levels (16712 points) Exploration: 16 levels ( 34.04%) (17131 points) Discoveries: 26 items ( 10.57%) ( 9753 points) Valuables value: (no points given unless you survive) Artifact value: 0 ( 0 points) Variety of kills: 121 monsters ( 31.76%) (16906 points) Turncount: 15236 turns (-3000 points) Survival: died (score multiplied by 80%) Total score: 53410 Latest messages: You miss the winged gargoyle. The winged gargoyle hits! (2x) The winged gargoyle bites! You hit the winged gargoyle. The winged gargoyle hits! (2x) The winged gargoyle bites! You hit the winged gargoyle. The winged gargoyle hits! (2x) The winged gargoyle bites! The winged gargoyle hits! The winged gargoyle just misses! The winged gargoyle bites! To break wands, use the 'invoke' command (typically on 'V'). The winged gargoyle hits! (2x) The winged gargoyle misses. The winged gargoyle hits! You die... Final status: Sayonara Minoru the Samurai, killed by a winged gargoyle... You died in The Dungeons of Doom on dungeon level 16 with 53410 points, and 527 pieces of gold, after 15236 moves. You were level 10 with a maximum of 97 hit points when you died.